 Dungeon Crawl Stone Soup version 0.25-a0-503-ge281fa6 (webtiles) character file.

Game seed: 1946259482751237874, levelgen mode: deterministic

92852 Ceann the Thaumaturge (level 16, -10/108 HPs)
             Began as an Octopode Venom Mage on Feb 13, 2020.
             Was a High Priest of Vehumet.
             Killed from afar by Frances (41 damage)
             ... with an iron shot
             ... on level 2 of the Spider Nest.
             The game lasted 01:58:22 (25626 turns).

Ceann the Thaumaturge (Octopode Venom Mage)        Turns: 25626, Time: 01:58:23

Health: -10/108    AC:  6    Str: 13    XL:     16   Next: 7%
Magic:  29/34      EV: 22    Int: 33    God:    Vehumet [*****.]
Gold:   714        SH:  7    Dex: 25    Spells: 14/44 levels left

rFire    + + +     SeeInvis .   L - +2 long sword of Axketoir {drain, rElec rPois Dex+8}
rCold    . . .     Gourm    .   Q - +0 buckler
rNeg     + . .     Faith    +   N - +2 hat
rPois    +         Spirit   .   K - amulet of the Real Monster {Faith rElec rF++ Int-5 Stlth+}
rElec    +         Reflect  .   A - +3 ring of protection
rCorr    +         Harm     .   H - ring of flight
MR       +....                  F - ring of protection from fire
Stlth    +++++++...             c - ring of Nuadutt {*Drain rPois Int+5 Dex+5}
HPRegen  0.28/turn              J - ring of resist corrosion
MPRegen  0.24/turn              y - ring of wizardry
                                O - ring of positive energy
                                C - ring "Puceal" {rF+ Str+5 Int+9}

@: no status effects
A: almost no armour, stealthy swim, amphibious, 8 rings, constrict 8, camouflage
1, gelatinous body 1
a: Renounce Religion, Evoke Flight


You were on level 2 of the Spider Nest.
You worshipped Vehumet.
Vehumet was extremely pleased with you.
You were not hungry.

You visited 6 branches of the dungeon, and saw 25 of its levels.
You also visited: Ossuary and Gauntlet.

You collected 2646 gold pieces.
You spent 1932 gold pieces at shops.

Inventory:

Hand Weapons
 e - a +3 whip of electrocution
 L - the +2 long sword of Axketoir (weapon) {drain, rElec rPois Dex+8}
   (You found it on level 10 of the Dungeon)

   A truly terrible weapon, it drains the life of those it strikes.
   It affects your dexterity (+8).
   It insulates you from electricity.
   It protects you from poison.
Armour
 N - a +2 hat (worn)
 Q - a +0 buckler (worn)
Magical Staves
 E - an uncursed staff of fire
 P - an uncursed staff of conjuration
Jewellery
 c - the ring of Nuadutt (on tentacle) {*Drain rPois Int+5 Dex+5}
   (You bought it in a shop on level 1 of the Orcish Mines)

   [ring of poison resistance]

   It affects your intelligence (+5).
   It affects your dexterity (+5).
   It protects you from poison.
   It causes draining when unequipped.
 y - a ring of wizardry (on tentacle)
 A - a +3 ring of protection (left tentacle)
 C - the ring "Puceal" (on tentacle) {rF+ Str+5 Int+9}
   (You bought it in a shop on level 2 of the Orcish Mines)

   [ring of strength]

   It affects your strength (+5).
   It affects your intelligence (+9).
   It protects you from fire.
 F - a ring of protection from fire (on tentacle)
 H - a ring of flight (right tentacle)
 J - a ring of resist corrosion (on tentacle)
 K - the amulet of the Real Monster (around mantle) {Faith rElec rF++ Int-5 Stlth+}
   (You found it in a Gauntlet)

   [amulet of faith]

   It allows you to gain divine favour quickly.
   It affects your intelligence (-5).
   It greatly protects you from fire.
   It insulates you from electricity.
   It makes you more stealthy.
 O - a ring of positive energy (on tentacle)
Wands
 r - a wand of iceblast (16)
 x - a wand of flame (98)
 B - a wand of paralysis (11)
 I - a wand of digging (12)
 S - a wand of polymorph (7)
 T - a wand of disintegration (42)
 X - a wand of clouds (6)
Scrolls
 a - 3 scrolls of fear
 d - 10 scrolls of teleportation
 h - a scroll of enchant armour
 j - 9 scrolls of remove curse
 k - a scroll of fog
 q - 3 scrolls of enchant weapon
 u - 7 scrolls of identify
 v - 3 scrolls of amnesia
 G - a scroll of magic mapping
Potions
 f - 6 potions of curing
 g - 2 potions of heal wounds
 i - 3 potions of lignification
 l - 2 potions of flight
 m - 4 potions of mutation
 n - a potion of might
 o - 4 potions of resistance
 p - 3 potions of haste
 s - 3 potions of brilliance
 t - 4 potions of cancellation
 w - a potion of ambrosia
 D - 2 potions of magic
 M - 3 potions of agility
 R - a potion of invisibility
 Y - a potion of berserk rage
Miscellaneous
 z - a tremorstone
Comestibles
 b - 17 rations
 U - a chunk of flesh


   Skills:
 * Level 9.7 Fighting
 - Level 3.0 Long Blades
 - Level 4.1 Maces & Flails
 * Level 9.2 Dodging
 + Level 9.1 Stealth
 + Level 4.6 Shields
 + Level 14.8 Spellcasting
 - Level 9.0 Conjurations
 - Level 4.3 Transmutations
 + Level 4.0 Fire Magic
 + Level 3.2 Ice Magic
 + Level 6.2 Air Magic
 - Level 13.0 Poison Magic
 - Level 1.0 Evocations


You had 14 spell levels left.
You knew the following spells:

 Your Spells              Type           Power        Failure   Level  Hunger
a - Ozocubu's Armour      Chrm/Ice       #####...     1%          3    None
b - Olgreb's Toxic Radia  Pois           #######.     1%          4    None
c - Mephitic Cloud        Conj/Pois/Air  ######..     1%          3    None
d - Ignite Poison         Fire/Tmut/Pois ######..     1%          3    None
e - Lightning Bolt        Conj/Air       ######....   1%          5    None
f - Freezing Cloud        Conj/Ice/Air   ######....   2%          6    ##.....
t - Conjure Ball Lightni  Conj/Air       ######....   1%          6    ##.....

Your spell library contained the following spells:

 Spells                   Type           Power        Failure   Level  Hunger
 Spellforged Servitor     Conj/Summ      ######....   24%         7    #####..
 Beastly Appendage        Tmut           ######       1%          1    None
 Foxfire                  Conj/Fire      ####         1%          1    None
 Freeze                   Ice            ####         1%          1    None
 Infusion                 Chrm           ###.         1%          1    None
 Magic Dart               Conj           ####         1%          1    None
 Sting                    Tmut/Pois      ####         1%          1    None
 Summon Butterflies       Summ           ###.....     1%          1    None
 Summon Small Mammal      Summ           ###.         1%          1    None
 Blink                    Tloc           N/A          1%          2    None
 Call Imp                 Summ           ###.....     1%          2    None
 Poisonous Vapours        Pois/Air       ######       1%          2    None
 Searing Ray              Conj           ######       1%          2    None
 Shroud of Golubria       Chrm/Tloc      ###...       1%          2    None
 Slow                     Hex            ###.....     1%          2    None
 Song of Slaying          Chrm           ###.....     1%          2    None
 Sticks to Snakes         Tmut           ######..     1%          2    None
 Conjure Flame            Conj/Fire      ######..     1%          3    None
 Dazzling Flash           Conj/Hex       ######       1%          3    None
 Frozen Ramparts          Ice            #####.       1%          3    None
 Inner Flame              Hex/Fire       #####...     1%          3    None
 Spider Form              Tmut/Pois      ######....   1%          3    None
 Fulminant Prism          Conj/Hex       ######....   1%          4    None
 Hailstorm                Conj/Ice       ######..     1%          4    None
 Ice Form                 Ice/Tmut       #####...     1%          4    None
 Iskenderun's Mystic Bla  Conj/Tloc      ######..     1%          4    None
 Summon Lightning Spire   Summ/Air       #####...     1%          4    None
 Bolt of Magma            Conj/Fire/Erth ######....   1%          5    None
 Call Canine Familiar     Summ           ###.....     2%          3    None
 Recall                   Summ/Tloc      N/A          2%          3    None
 Spectral Weapon          Hex/Chrm       ###.....     2%          3    None
 Summon Ice Beast         Ice/Summ       #####...     3%          4    None
 Blade Hands              Tmut           ######....   3%          5    None
 Summon Mana Viper        Hex/Summ       ###.....     19%         5    None
 Summon Hydra             Summ           ###.......   99%         7    #####..


Dungeon Overview and Level Annotations

Branches:
Dungeon (13/15)            Temple (1/1) D:7            Lair (6/6) D:8
  Swamp (0/4) Lair:3       Spider (2/4) Lair:4        Slime (0/5) Lair:6
    Orc (2/2) D:10            Elf (1/3) Orc:2       Ossuary (visited)
Gauntlet (visited)
 Vaults: D:13-14

Altars:
Ashenzari
Cheibriados
Elyvilon
Kikubaaqudgha
Makhleb
Nemelex Xobeh
Okawaru
Qazlal
Trog
Vehumet
Xom
Yredelemnul
Zin
The Shining One
Beogh

Shops:
D:5 %   D:10 %   Orc:1 =   Orc:2 =:}*

Annotations:
D:2 Terence
D:6 1 runed translucent door, Crazy Yiuf
D:10 3 runed translucent doors, Wuag's ghost, novice DsAK
Spider:2 Frances


Innate Abilities, Weirdness & Mutations

You cannot wear most types of armour.
You are very stealthy in the water. (Stealth+)
You are amphibious.
You can wear up to eight rings at the same time.
You can use your tentacles to constrict eight enemies at once.
Your skin changes colour to match your surroundings (Stealth+).
Your rubbery body absorbs attacks. (AC +1, EV +1)


Message History

Frances is heavily wounded.
Frances hits you from afar with a +0 trident!!
The redback is engulfed in freezing vapours.
Your ball lightning explodes!
The blast of lightning engulfs you! You resist.
* * * LOW HITPOINT WARNING * * *
The blast of lightning engulfs Frances!!
Frances is severely wounded.
The blast of lightning engulfs the redback!!
You kill the redback!
Vehumet accepts your kill.
You feel your power returning.
The blast of lightning engulfs your ball lightning.
Your ball lightning completely resists.
Vehumet accepts your kill.
You feel your power returning.
You feel a bit more experienced.
Frances is engulfed in blazing flames.
Frances mutters in a terrible tongue.
The iron shot hits you!!!
You die...

.... ...^.#
....# .....#
..#.####....?.
##............
#.#.........
#........
#...*.# #..@#
##.§# #§@^
#○### §§ §§#
§# ..


You could see Frances and a friendly ball lightning.

Vanquished Creatures
  Jorgrun (Orc:2)
  Kirke (D:12)
  An entropy weaver (Spider:1)
  A minotaur (Gauntlet)
  Snorg (Lair:3)
  An ettin (Orc:2)
  A death ooze (Gauntlet)
  Erolcha (Orc:1)
  Harold (Lair:1)
  6 hydras
  A merfolk avatar (Lair:6)
  A centaur warrior (D:13)
  4 two-headed ogres
  A fire crab (Gauntlet)
  An unseen horror (D:12)
  3 sea snakes (Lair:6)
  Pikel (D:4)
  3 orb spiders
  11 orc knights
  A lindwurm (shapeshifter) (D:13)
  7 oklob plants (Lair:6)
  3 ugly things
  4 orc sorcerers
  A cyclops (D:12)
  4 wolf spiders (Spider:1)
  3 manticores
  5 elephants
  3 black mambas
  3 centaur skeletons
  7 spiny frogs
  5 demonic crawlers (Spider:1)
  11 rime drakes
  11 komodo dragons
  8 trolls
  A tyrant leech (Lair:3)
  A polar bear (Lair:6)
  3 meliai (D:13)
  10 jumping spiders
  A queen bee (Lair:2)
  4 hornets
  14 blink frogs
  10 slime creatures
  5 hippogriffs
  18 redbacks
  2 fire bats (Gauntlet)
  A shadow (D:12)
  14 tarantellas
  65 yaks
  A wraith (D:13)
  Eustachio (D:6)
  2 wyverns
  2 hungry ghosts
  6 hogs (D:12)
  A basilisk (Lair:3)
  A human (D:12)
  8 wargs
  2 steam dragons
  4 vampire mosquitoes (D:13)
  Menkaure (D:6)
  A swamp worm (Lair:3)
  Edmund (D:4)
  2 acid dragons
  10 water moccasins
  5 porcupines
  5 sky beasts
  Duvessa (D:7)
  4 slaves (D:4)
  An eye of draining (D:11)
  36 orc warriors
  Purgy (D:3)
  3 phantoms
  A wolf (Lair:2)
  A black bear (D:6)
  6 ogres
  22 centaurs
  10 crocodiles
  3 big kobolds
  19 bullfrogs
  Dowan (D:7)
  3 scorpions
  34 killer bees
  3 wights (D:8)
  2 electric eels (Lair:5)
  7 crimson imps
  3 bullfrog zombies
  4 centaur zombies
  4 hounds
  3 jellies
  A quasit (D:7)
  22 orc wizards
  2 bullfrog skeletons
  2 iguanas
  7 worker ants
  14 orc priests
  2 hell rats (Lair:2)
  6 big kobold zombies (Ossuary)
  A hound zombie (D:9)
  A hound skeleton (D:6)
  2 mummies (Ossuary)
  A howler monkey zombie (D:6)
  A gnoll (D:1)
  19 adders
  A howler monkey skeleton (D:5)
  A river rat (Lair:2)
  3 shadow imps
  An ooze (D:5)
  3 adder skeletons
  6 adder zombies
  A worm (D:2)
  6 leopard geckos
  93 orcs
  6 bats
  2 giant cockroaches (D:2)
  A gnoll zombie (Ossuary)
  7 goblins
  12 hobgoblins
  4 jackals (D:2)
  4 quokkas
  2 ball pythons
  6 frilled lizards
  6 hobgoblin zombies (Ossuary)
  29 kobolds
  2 kobold zombies (Ossuary)
  A leopard gecko skeleton (D:4)
  2 leopard gecko zombies
  6 orc zombies (Ossuary)
  A quokka zombie (D:5)
  3 rats
  2 fungi
  4 plants
787 creatures vanquished.

Vanquished Creatures (collateral kills)
  3 ball lightnings
3 creatures vanquished.

Vanquished Creatures (others)
  38 ball lightnings
  A bush (Lair:4)
  8 fungi
  18 plants
  20 withered plants (Gauntlet)
85 creatures vanquished.

Grand Total: 875 creatures vanquished

Notes
Turn   | Place    | Note
-------+----------+-------------------------------------------
     0 | D:1      | Ceann the Octopode Venom Mage began the quest for the Orb.
     0 | D:1      | Reached XP level 1. HP: 11/11 MP: 3/3
   131 | D:1      | Reached XP level 2. HP: 13/17 MP: 1/5
   450 | D:1      | Reached XP level 3. HP: 20/21 MP: 2/6
   910 | D:2      | Reached skill level 5 in Poison Magic
   931 | D:2      | Found a stormy altar of Qazlal.
   990 | D:2      | Noticed Terence
  1030 | D:2      | Found a sparkling altar of Nemelex Xobeh.
  1162 | D:2      | Reached XP level 4. HP: 20/27 MP: 3/7
  1182 | D:2      | Learned a level 3 spell: Mephitic Cloud
  1575 | D:3      | Noticed Purgy
  1721 | D:3      | Reached skill level 1 in Air Magic
  1889 | D:3      | Killed Purgy
  1889 | D:3      | Reached XP level 5. HP: 16/32 MP: 0/9
  2073 | D:3      | Reached skill level 3 in Spellcasting
  2075 | D:3      | Reached XP level 6. HP: 21/37 MP: 5/10
  2092 | D:3      | Found a shimmering altar of Xom.
  2157 | D:3      | Reached skill level 1 in Maces & Flails
  2224 | D:3      | Reached skill level 1 in Fighting
  2534 | D:3      | Learned a level 4 spell: Olgreb's Toxic Radiance
  2586 | D:4      | Found a sand-covered staircase.
  2592 | Ossuary  | Entered an ossuary
  2592 | Ossuary  | Found the +2 pair of boots of the Assassin {Detection Stab+
                  | Stlth++}
  3159 | Ossuary  | Reached XP level 7. HP: 30/43 MP: 11/11
  3657 | D:4      | Noticed Edmund
  3682 | D:4      | Killed Edmund
  3876 | D:4      | Found a burning altar of Makhleb.
  3876 | D:4      | Found a basalt altar of Yredelemnul.
  3876 | D:4      | Noticed Pikel
  3901 | D:4      | Killed Pikel
  3901 | D:4      | Reached skill level 5 in Spellcasting
  3901 | D:4      | Reached XP level 8. HP: 50/50 MP: 1/15
  4191 | D:5      | Entered Level 5 of the Dungeon
  4407 | D:5      | Found Waocraq's Food Boutique.
  4836 | D:6      | Found a runed translucent door.
  4837 | D:6      | Noticed Crazy Yiuf
  4882 | D:6      | Noticed Eustachio
  4896 | D:6      | Killed Eustachio
  4896 | D:6      | Reached XP level 9. HP: 41/54 MP: 9/17
  4983 | D:6      | Found a bloodstained altar of Trog.
  4999 | D:6      | Noticed Menkaure
  5007 | D:6      | Killed Menkaure
  5007 | D:6      | Reached skill level 6 in Spellcasting
  5215 | D:6      | Reached skill level 1 in Conjurations
  5421 | D:6      | Reached skill level 5 in Stealth
  5464 | D:6      | Reached skill level 1 in Evocations
  6064 | D:7      | Found a radiant altar of Vehumet.
  6070 | D:7      | Became a worshipper of Vehumet
  6093 | D:7      | Found a staircase to the Ecumenical Temple.
  6116 | Temple   | Entered the Ecumenical Temple
  6495 | D:7      | Found a glowing silver altar of Zin.
  6506 | D:7      | Noticed Dowan
  6508 | D:7      | Noticed Duvessa
  6519 | D:7      | Killed Dowan
  6519 | D:7      | Reached * piety under Vehumet
  6519 | D:7      | Offered knowledge of Sandblast by Vehumet.
  6519 | D:7      | Killed Duvessa
  6941 | D:7      | Reached XP level 10. HP: 48/63 MP: 10/20
  7027 | D:8      | Found an ancient bone altar of Kikubaaqudgha.
  7105 | D:8      | Noticed a two-headed ogre
  7118 | D:8      | Killed a two-headed ogre
  7118 | D:8      | Reached skill level 7 in Spellcasting
  7118 | D:8      | Reached skill level 10 in Poison Magic
  7346 | D:8      | Found a staircase to the Lair.
  7755 | D:8      | Learned a level 3 spell: Ignite Poison
  8023 | D:8      | Found a snail-covered altar of Cheibriados.
  8220 | D:8      | Identified the cursed +0 ring mail of Gozag's Castigation
                  | {rF+++ Regen+ Str+3}
  8579 | D:9      | Reached ** piety under Vehumet
  8579 | D:9      | Offered knowledge of Shock by Vehumet.
  8722 | D:9      | Found a white marble altar of Elyvilon.
  9015 | D:9      | Reached skill level 1 in Fire Magic
  9126 | D:9      | Offered knowledge of Searing Ray by Vehumet.
  9126 | D:9      | Reached skill level 5 in Conjurations
  9167 | D:9      | Found a shattered altar of Ashenzari.
  9167 | D:9      | Found a glowing golden altar of the Shining One.
  9424 | D:10     | Entered Level 10 of the Dungeon
  9433 | D:10     | Found a staircase to the Orcish Mines.
  9460 | Orc:1    | Entered Level 1 of the Orcish Mines
  9468 | Orc:1    | Noticed an orc sorcerer
  9478 | Orc:1    | Killed an orc sorcerer
  9478 | Orc:1    | Reached skill level 8 in Spellcasting
  9578 | Orc:1    | Noticed an orc knight
  9579 | Orc:1    | Noticed an orc knight
  9581 | Orc:1    | Noticed an orc sorcerer
  9581 | Orc:1    | Noticed a two-headed ogre
  9584 | Orc:1    | Noticed an orc knight
  9584 | Orc:1    | Noticed an orc sorcerer
  9584 | Orc:1    | Killed an orc knight
  9584 | Orc:1    | Reached XP level 11. HP: 68/68 MP: 18/23
  9585 | Orc:1    | Noticed an orc knight
  9585 | Orc:1    | Noticed an orc knight
  9588 | Orc:1    | Noticed an orc knight
  9590 | Orc:1    | Killed an orc knight
  9591 | Orc:1    | Noticed an orc knight
  9592 | Orc:1    | Killed an orc sorcerer
  9593 | Orc:1    | Killed an orc sorcerer
  9593 | Orc:1    | Reached *** piety under Vehumet
  9594 | Orc:1    | Noticed Erolcha
  9596 | Orc:1    | Killed a two-headed ogre
  9596 | Orc:1    | Killed an orc knight
  9599 | Orc:1    | Noticed an orc knight
  9604 | Orc:1    | Killed an orc knight
  9604 | Orc:1    | Reached skill level 9 in Spellcasting
  9611 | Orc:1    | Killed an orc knight
  9611 | Orc:1    | Killed an orc knight
  9611 | Orc:1    | Killed Erolcha
  9611 | Orc:1    | Killed an orc knight
  9616 | Orc:1    | Killed an orc knight
  9617 | Orc:1    | Offered knowledge of Static Discharge by Vehumet.
  9930 | Orc:1    | Found Nofof's Jewellery Boutique.
  9938 | Orc:1    | Bought the ring of Nuadutt {*Drain rPois Int+5 Dex+5} for
                  | 593 gold pieces
 10053 | Orc:2    | Entered Level 2 of the Orcish Mines
 10055 | Orc:2    | Noticed an orc sorcerer
 10059 | Orc:2    | Noticed an orc knight
 10061 | Orc:2    | Killed an orc sorcerer
 10062 | Orc:2    | Noticed Jorgrun
 10062 | Orc:2    | Reached XP level 12. HP: 74/74 MP: 11/25
 10441 | Orc:2    | Killed Jorgrun
 10441 | Orc:2    | Reached skill level 10 in Spellcasting
 10454 | Orc:2    | Noticed an ettin
 10471 | Orc:2    | Killed an ettin
 11072 | Orc:2    | Reached **** piety under Vehumet
 11197 | Orc:2    | Offered knowledge of Lightning Bolt by Vehumet.
 11209 | Orc:2    | Learned a level 5 spell: Lightning Bolt
 11317 | Orc:2    | Found a roughly hewn altar of Beogh.
 11608 | Orc:2    | Found a staircase to the Elven Halls.
 12171 | Orc:1    | Reached skill level 11 in Spellcasting
 12442 | Orc:2    | Reached skill level 5 in Fighting
 12675 | Orc:2    | Reached ***** piety under Vehumet
 12675 | Orc:2    | Offered knowledge of Yara's Violent Unravelling by Vehumet.
 12837 | Orc:2    | Reached XP level 13. HP: 42/81 MP: 9/28
 12991 | Orc:2    | Found Ynwi's General Store.
 12994 | Orc:2    | Found Vathruvo's Book Shop.
 12994 | Orc:2    | Found Qovi's Gadget Shoppe.
 12996 | Orc:2    | Found Jejapsat's Jewellery Boutique.
 13002 | Orc:2    | Bought a scroll of teleportation for 33 gold pieces
 13004 | Orc:2    | Bought a tremorstone for 195 gold pieces
 13171 | D:10     | Found Xeask's Food Boutique.
 13373 | D:10     | Reached skill level 5 in Dodging
 13716 | D:10     | Got a crystal long sword
 13717 | D:10     | Identified the +2 long sword of Axketoir {drain, rElec
                  | rPois Dex+8} (You found it on level 10 of the Dungeon)
 13871 | D:10     | Found a runed translucent gate.
 13871 | D:10     | Found a runed translucent gate.
 13872 | D:10     | Found a runed translucent gate.
 13872 | D:10     | Noticed Wuag's ghost (novice DsAK)
 13981 | Lair:1   | Entered Level 1 of the Lair of Beasts
 14120 | Lair:1   | Noticed Harold
 14140 | Lair:1   | Killed Harold
 14292 | Lair:1   | You fall into a shaft and drop 1 floor!
 14520 | Lair:2   | Offered knowledge of Conjure Ball Lightning by Vehumet.
 14537 | Lair:2   | Learned a level 6 spell: Conjure Ball Lightning
 14638 | Lair:2   | Reached skill level 1 in Long Blades
 15046 | Lair:2   | Reached skill level 12 in Spellcasting
 15412 | Lair:3   | Reached skill level 1 in Shields
 15817 | Lair:3   | Noticed Snorg
 15837 | Lair:3   | Killed Snorg
 16051 | Lair:3   | Found a staircase to the Swamp.
 16063 | Lair:3   | Reached XP level 14. HP: 82/90 MP: 11/30
 16574 | Lair:4   | Found a hole to the Spider Nest.
 16801 | Lair:4   | Offered knowledge of Irradiate by Vehumet.
 18337 | Lair:6   | Entered Level 6 of the Lair of Beasts
 18373 | Lair:6   | Reached skill level 13 in Spellcasting
 18650 | Lair:6   | Reached skill level 5 in Air Magic
 19137 | Lair:6   | Found a staircase to the Slime Pits.
 19584 | Lair:6   | Offered knowledge of Freezing Cloud by Vehumet.
 19592 | Lair:6   | Reached XP level 15. HP: 99/99 MP: 20/32
 19600 | Lair:6   | Learned a level 6 spell: Freezing Cloud
 20167 | Lair:6   | Identified a scroll of acquirement
 20429 | Orc:2    | Bought the ring "Puceal" {rF+ Str+5 Int+9} for 1111 gold
                  | pieces
 20573 | D:11     | Reached skill level 1 in Ice Magic
 20644 | D:11     | Found a gate leading to a gauntlet.
 20675 | Gauntlet | Entered a Gauntlet
 20675 | Gauntlet | Found a transporter.
 20921 | Gauntlet | Found a transporter.
 20938 | Gauntlet | Found a transporter.
 20943 | Gauntlet | Found a transporter.
 20958 | Gauntlet | Found a transporter.
 20978 | Gauntlet | Found a transporter.
 20990 | Gauntlet | Found a transporter.
 21002 | Gauntlet | Found a transporter.
 21014 | Gauntlet | Found a transporter.
 21026 | Gauntlet | Found a transporter.
 21043 | Gauntlet | Found a transporter.
 21060 | Gauntlet | Found a transporter.
 21062 | Gauntlet | Found a transporter.
 21092 | Gauntlet | Found a transporter.
 21094 | Gauntlet | Found a transporter.
 21118 | Gauntlet | Found a transporter.
 21120 | Gauntlet | Found a transporter.
 21122 | Gauntlet | Found a transporter.
 21163 | Gauntlet | Identified the Tome of Supportive Flames
 21400 | Gauntlet | Got a clouded steel amulet
 21520 | D:11     | Identified the amulet of the Real Monster {Faith rElec rF++
                  | Int-5 Stlth+} (You found it in a Gauntlet)
 21980 | D:12     | Noticed Kirke
 21983 | D:12     | Reached skill level 14 in Spellcasting
 21989 | D:12     | Offered knowledge of Spellforged Servitor by Vehumet.
 21992 | D:12     | Noticed a sphinx
 21998 | D:12     | Killed Kirke
 24404 | Elf:1    | Entered Level 1 of the Elven Halls
 24615 | D:10     | Learned a level 3 spell: Ozocubu's Armour
 24752 | Spider:1 | Entered Level 1 of the Spider Nest
 25435 | Spider:1 | Reached XP level 16. HP: 108/108 MP: 30/34
 25620 | Spider:2 | Noticed Frances
 25626 | Spider:2 | Killed from afar by Frances

Levels and vault maps discovered:
D:1:      dpeg_arrival_another_circle, layout_loops_cross
D:2:      layout_rooms, grunt_qazlal_clouds, lemuel_crystal_altar,
          kennysheep_generic_room_10, uniq_terence
D:3:      layout_loops_ring, nicolae_overflow_crystal_walls, uniq_purgy
D:4:      layout_loops_ring, gammafunk_temple_overflow_pools,
          nicolae_ossuary_entry_plus, uniq_edmund, uniq_pikel
D:5:      layout_gridville, first_ration, serial_shops, nicolae_shop_stone
D:6:      minmay_cornered_nines, layout_basic, old_standard_altar, st_stairs_4,
          uniq_menkaure, uniq_crazy_yiuf_cottage, uniq_eustachio
D:7:      layout_gridville, zin_scriptorium, minmay_temple_entry_proselytizer,
          basic_altar, uniq_duvessa
D:8:      layout_basic, lemuel_round_altar, kennysheep_little_box,
          lair_entry_dummy, serial_co_window_serial, co_window_paths_b,
          co_window_cross_1, co_window_paths_a, co_window_corner_a,
          co_window_paths_b, co_window_cross_4, co_window_2corner,
          co_window_broadway_c, co_window_broadway_b,
          co_window_of_opportunity_b, co_window_corner_b, co_window_4corner_b,
          glass_columns_b, glass_columns_c
D:9:      layout_irregular_city, gammafunk_temple_overflow_statue,
          kennysheep_mini_moat
D:10:     layout_roguey, serial_shops, nicolae_shop_crystal,
          gammafunk_ghost_hydra_chop
D:11:     layout_basic, serial_rivers, chequers_serial_rivers_micro_a,
          chequers_serial_rivers_micro_a, chequers_serial_rivers_micro_b,
          chequers_serial_rivers_marsh, chequers_serial_rivers_small_a,
          chequers_serial_rivers_marsh, gauntlet_entry_generic
D:12:     layout_cave_pools, uniq_kirke
D:13:     layout_basic
Temple:   eino_wide_crystal_templ
Lair:1:   layout_chaotic_city, gammafunk_ghost_ooze, hibernation_bobbens,
          grunt_megastairs_5, serial_bayou_shore_b, uniq_harold
Lair:2:   regret_index_wax_grids, layout_regular_city, minivault_24
Lair:3:   layout_gridlike, palyth_hydra_swamp_entry, uniq_snorg
Lair:4:   layout_long_grid, nicolae_spider_entry_tight_spaces, minivault_23,
          kennysheep_catoblepas_arena
Lair:5:   layout_cave_pods, serial_bayou_shore_b, infiniplex_staircase_pool,
          grunt_megastairs_1
Lair:6:   gammafunk_lair_ancient_temple, layout_hall_layers,
          minmay_slime_entry_oklob_open, minmay_lair_oklob_chamber,
          serial_bayou_shore_b
Spider:1: layout_spider_delve
Spider:2: layout_chambers, uniq_frances
Orc:1:    layout_caves, guppyfry_orc_lava_fort, uniq_erolcha
Orc:2:    st_orc_rangers, layout_diamond_mine, basic_altar, uniq_jorgrun
Elf:1:    minmay_elf_arrival_summoners, layout_geoelf_octagon, special_room
          [special_room_orc], hangedman_elf_disciples, minmay_shop_grove

Skill      XL: |  1  2  3  4  5  6  7  8  9 10 11 12 13 14 15 |
---------------+----------------------------------------------+-----
Poison Magic   | 4 5 7 8 9 11 12 13 | 13.0
Air Magic      | 1 2 3 4 5 6 |  6.2
Stealth        | 3 4 5 6 7 8 9 |  9.1
Transmutations | 2 3 4 |  4.3
Spellcasting   | 3 5 6 8 9 11 12 13 14 | 14.8
Maces & Flails | 2 3 4 |  4.1
Fighting       | 1 2 3 4 5 6 8 9 |  9.7
Conjurations   | 3 5 7 8 9 |  9.0
Dodging        | 3 4 6 7 9 |  9.2
Evocations     | 1 |  1.0
Fire Magic     | 1 2 3 4 |  4.0
Long Blades    | 2 3 |  3.0
Shields        | 2 4 |  4.6
Ice Magic      | 3 |  3.2

Action                   |  1- 3 |  4- 6 |  7- 9 | 10-12 | 13-15 | 16-18 || total
-------------------------+-------+-------+-------+-------+-------+-------++-------
Melee: Unarmed           |     5 |       |       |       |       |       ||     5
       Constrict         |     4 |    32 |    25 |    19 |    70 |     2 ||   152
       Tentacles         |     1 |    22 |    16 |    23 |   116 |     1 ||   179
       Whip              |     8 |   113 |   136 |   117 |    20 |       ||   394
       Long sword        |       |       |       |       |   258 |     4 ||   262
 Cast: Sting             |    46 |    53 |    74 |    56 |    24 |       ||   253
       Mephitic Cloud    |       |     4 |     8 |    53 |    71 |     2 ||   138
       Olgreb's Toxic Ra |       |       |    26 |    75 |   186 |     2 ||   289
       Ignite Poison     |       |       |       |    39 |    63 |     1 ||   103
       Lightning Bolt    |       |       |       |       |    34 |       ||    34
       Conjure Ball Ligh |       |       |       |       |    18 |     1 ||    19
       Freezing Cloud    |       |       |       |       |    21 |     4 ||    25
       Ozocubu's Armour  |       |       |       |       |     3 |       ||     3
Evoke: Wand              |       |       |    19 |    10 |     5 |       ||    34
  Use: Scroll            |       |       |       |     9 |    26 |       ||    35
       Potion            |       |       |       |     9 |     3 |       ||    12
 Stab: Sleeping          |       |     4 |     6 |     2 |     7 |       ||    19
       Confused          |       |       |     2 |     5 |    19 |     2 ||    28
       Distracted        |       |       |       |     1 |       |       ||     1
  Eat: Chunk             |     1 |     6 |    10 |    19 |    34 |     1 ||    71
       Ration            |       |     1 |     1 |     1 |     3 |       ||     6
Armor: Skin              |     2 |     7 |    28 |    15 |    30 |       ||    82
Dodge: Dodged            |    22 |    82 |    88 |   106 |   331 |     2 ||   631
Block: Buckler           |       |       |       |       |    68 |       ||    68
       Rpst.: Long sword |       |       |       |       |    86 |       ||    86

Table legend:
 A = Non-vault XP
 B = Vault XP
 C = Vault XP percentage of total XP
 D = Non-vault monster count
 E = Vault monster count
 F = Vault count percentage of total count
                 A         B        C        D         E       F
            +---------+---------+-------+---------+---------+-------
      Total |   74810 |   57836 |  43.6 |     553 |     223 |  28.7
            +---------+---------+-------+---------+---------+-------
        D:1 |      48 |       0 |   0.0 |      20 |       0 |   0.0
        D:2 |      59 |       0 |   0.0 |      20 |       0 |   0.0
        D:3 |     141 |     128 |  47.6 |      27 |       1 |   3.6
        D:4 |     188 |     809 |  81.1 |      18 |       2 |  10.0
        D:5 |     549 |       0 |   0.0 |      24 |       0 |   0.0
        D:6 |     344 |     681 |  66.4 |      12 |       6 |  33.3
        D:7 |    1454 |     245 |  14.4 |      25 |       3 |  10.7
        D:8 |    1642 |       0 |   0.0 |      22 |       0 |   0.0
        D:9 |    1824 |       0 |   0.0 |      42 |       0 |   0.0
       D:10 |    2498 |       0 |   0.0 |      21 |       0 |   0.0
       D:11 |    6019 |       0 |   0.0 |      41 |       0 |   0.0
       D:12 |    7210 |    3320 |  31.5 |      48 |       7 |  12.7
       D:13 |    5604 |       0 |   0.0 |      20 |       0 |   0.0
     Lair:1 |    2538 |    1201 |  32.1 |      14 |       3 |  17.6
     Lair:2 |    3177 |    5937 |  65.1 |      11 |      45 |  80.4
     Lair:3 |    4397 |    3960 |  47.4 |      16 |       6 |  27.3
     Lair:4 |    3744 |    1913 |  33.8 |      16 |       7 |  30.4
     Lair:5 |    3545 |    2569 |  42.0 |      20 |      11 |  35.5
     Lair:6 |    5204 |   17294 |  76.9 |      23 |      39 |  62.9
   Spider:1 |   13450 |       0 |   0.0 |      41 |       0 |   0.0
   Spider:2 |    1866 |       0 |   0.0 |       7 |       0 |   0.0
      Orc:1 |    1482 |    8533 |  85.2 |      17 |      20 |  54.1
      Orc:2 |    7574 |    6631 |  46.7 |      47 |      37 |  44.0
    Ossuary |       0 |     231 | 100.0 |       0 |      27 | 100.0
   Gauntlet |     253 |    4384 |  94.5 |       1 |       9 |  90.0
            +---------+---------+-------+---------+---------+-------
